 Dungeon Crawl Stone Soup version 0.20-a0-1109-ge3cd172 (webtiles) character file.

64 grindst0ne the Skirmisher (level 3, -1/34 HPs)
             Began as a Draconian Berserker on May 5, 2017.
             Was a Believer of Trog.
             Slain by a goblin
             ... wielding a +1 dagger of protection
              (3 damage)
             ... on level 2 of the Dungeon.
             The game lasted 00:02:55 (1499 turns).

grindst0ne the Skirmisher (Draconian Berserker)     Turns: 1499, Time: 00:02:56

Health: -1/34      AC:  5    Str: 19    XL:     3   Next: 91%
Magic:  3/3        EV: 12    Int:  7    God:    Trog [**....]
Gold:   24         SH:  0    Dex: 11    Spells: 2/2 levels left

rFire    . . .     SeeInvis .   a - +0 falchion
rCold    . . .     Gourm    .   (no shield)
rNeg     . . .     Faith    .   (armour unavailable)
rPois    .         Spirit   .   (helmet restricted)
rElec    .         Reflect  .   (no cloak)
rCorr    .         Harm     .   (no gloves)
MR       .....                  (no boots)
Stlth    +.........             (no amulet)
Regen    0.2/turn               (no ring)
MPRegen  0.1/turn               (no ring)

@: no status effects
A: unfitting armour, cold-blooded, AC +5
a: Berserk, Trog's Hand, Burn Spellbooks, Renounce Religion


You were on level 2 of the Dungeon.
You worshipped Trog.
Trog was pleased with you.
You were not hungry.

You visited 1 branch of the dungeon, and saw 2 of its levels.

You collected 24 gold pieces.

Inventory:

Hand Weapons
 a - a +0 falchion (weapon)
Scrolls
 c - 2 scrolls of amnesia {unknown}
 e - a scroll of enchant weapon {unknown}
 g - a scroll of immolation {unknown}
 i - a scroll of fear {unknown}
Potions
 d - 2 potions of haste {unknown}
 h - a potion of heal wounds {unknown}
Books
 j - a book of Minor Magic

   Spells                             Type                      Level
   a - Magic Dart                     Conjuration                  1
   b - Blink                          Translocation                2
   c - Call Imp                       Summoning                    2
   d - Slow                           Hexes                        2
   e - Conjure Flame                  Conjuration/Fire             3
   f - Mephitic Cloud                 Conjuration/Poison/Air       3
   Trog disapproves of the use of such an item.
Comestibles
 b - a bread ration


   Skills:
 + Level 4.3 Fighting
 + Level 4.1 Long Blades
 - Level 2.6 Dodging


You had 2 spell levels left.
You didn't know any spells.

Dungeon Overview and Level Annotations

Branches:
Dungeon (2/15)

Altars:


Innate Abilities, Weirdness & Mutations

Your plain brown scales are hard. (AC +5)
You cannot fit into any form of body armour.
You are cold-blooded and may be slowed by cold attacks.


Message History

* * * LOW HITPOINT WARNING * * *
The kobold barely misses you.
You riposte.
You barely miss the kobold. You hit the goblin.
The goblin is severely wounded.
The goblin hits you but does no damage. The kobold closely misses you.
The goblin hits you with a dagger of protection.
* * * LOW HITPOINT WARNING * * *
The kobold hits you but does no damage.
The goblin hits you with a dagger of protection.
* * * LOW HITPOINT WARNING * * *
* * * LOW HITPOINT WARNING * * *
You feel sick.
The kobold throws a stone.
The stone hits you but does no damage.
* * * LOW HITPOINT WARNING * * *
You feel sick.
You are no longer poisoned.
You closely miss the goblin.
The goblin is moderately wounded.
The goblin hits you with a dagger of protection.
You die...

#.#..#### #.#.#...
#)#..# . ..#.#.#.#.#####
..#..# #.#.#.#..........
#.#..######
.#.#.###.#.#####
...........
...............
###รท.#######
....###.#.##.##
.................#.K.#.#
###..#######...#.#.### #
.........###...#@#.#
####...........#.g.#
##........#.#...#
#........#.#...#
#........#.#.#.#
####........#.#.#.#
#.................#
#.##..........#.#.# #
#........#.#.###


You could see a goblin.

Vanquished Creatures
  2 adders (D:2)
  A worm (D:2)
  2 dart slugs (D:1)
  4 bats
  A giant cockroach (D:1)
  4 goblins
  8 hobgoblins
  4 jackals (D:1)
  4 kobolds (D:1)
  2 frilled lizards (D:1)
  2 rats (D:1)
34 creatures vanquished.

Notes
Turn   | Place    | Note
-------+----------+-------------------------------------------
     0 | D:1      | grindst0ne the Draconian Berserker began the quest for the Orb.
     0 | D:1      | Reached XP level 1. HP: 19/19 MP: 1/1
   133 | D:1      | Reached XP level 2. HP: 26/26 MP: 2/2
   697 | D:1      | Reached XP level 3. HP: 33/33 MP: 3/3
  1042 | D:1      | Reached ** piety under Trog
  1497 | D:2      | HP: 1/34 [poisoned by an adder]
  1499 | D:2      | Slain by a goblin

Vault maps used:
D:1:      minmay_arrival_glassed_features
D:2:      fedhas_altar_fruit_tree, lemuel_round_altar,
          minmay_misc_feat_nine_boxes

Skill      XL: |  1  2  3 |
---------------+----------+-----
Fighting       | 4 |  4.3
Long Blades    | 4 |  4.1
Dodging        | |  2.6

Action                   || total
-------------------------++-------
Melee: Falchion          ||   104
       Tailslap          ||    18
  Eat: Chunk             ||     2
Armor: Skin              ||    28
Dodge: Dodged            ||    81
       Rpst.: Falchion   ||    21
